NYP
SPOKANE INDIANS @ CHICAGO (NYP) WHITE SOX
09/14/2047
 
TOP OF THE 1ST
Spokane Indians batting - Pitching for Chicago (NYP) White Sox : LHP Bobby Dahlgren
Pitching: LHP Bobby Dahlgren
Batting: RHB Theo van Gent 0-0: Called Strike
0-1: Hit by Pitch
Batting: RHB Ryan Pastore 0-0: Ball
Theo van Gent steals 2nd base
1-0: Fly out, F9 (Flyball, 9S, EV 88.8 MPH)
Batting: RHB Danny Odom 0-0: Ball
1-0: Called Strike
1-1: Ball
2-1: Foul Ball, location: 2F
2-2: Foul Ball, location: 2F
2-2: Ground out 6-3 (Groundball, 6, EV 82.5 MPH)
Theo van Gent to third
Batting: RHB Josh Whitmore 0-0: Called Strike
0-1: Ball
1-1: Ball
2-1: Reached on error, E6 (Groundball, 6, EV 83.1 MPH)
Theo van Gent scores
Batting: RHB Jason Ostrom 0-0: Ball
1-0: Foul Ball, location: 2F
1-1: Ground out 6-3 (Groundball, 6, EV 110.6 MPH)
Top of the 1st over - 1 run, 0 hits, 1 error, 1 left on base; Spokane 1 - Chicago (NYP) 0
BOTTOM OF THE 1ST
Chicago (NYP) White Sox batting - Pitching for Spokane Indians : LHP Jamie Tanner
Pitching: LHP Jamie Tanner
Batting: LHB Adam Tarbutton 0-0: Swinging Strike
0-1: Called Strike
0-2: Ball
1-2: Ball
2-2: Foul Ball, location: 2F
2-2: Ball
3-2: Foul Ball, location: 2F
3-2: Foul Ball, location: 2F
3-2: Fly out, F7 (Line Drive, 7, EV 108.8 MPH)
Batting: RHB Kunimatsu Oya 0-0: Ball
1-0: Ball
2-0: Called Strike
2-1: Foul Ball, location: 2F
2-2: SINGLE (Groundball, 6D, EV 110.6 MPH)
Batting: RHB Kyle Morse 0-0: Ball
Kunimatsu Oya is caught stealing 2nd base 2-4
1-0: Called Strike
1-1: Swinging Strike
1-2: Ball
2-2: Ball
3-2: Foul Ball, location: 2F
3-2: Ground out U3 (Groundball, 3S, EV 86.9 MPH)
Bottom of the 1st over - 0 runs, 1 hit, 0 errors, 0 left on base; Spokane 1 - Chicago (NYP) 0
TOP OF THE 2ND
Spokane Indians batting - Pitching for Chicago (NYP) White Sox : LHP Bobby Dahlgren
Batting: RHB George King 0-0: Ball
1-0: Ball
2-0: Foul Ball, location: 2F
2-1: Ground out 5-3 (Groundball, 56, EV 87.5 MPH)
Batting: RHB Justin Aslinger 0-0: Called Strike
0-1: Fly out, F8 (Flyball, 8RD, EV 98.8 MPH)
Batting: RHB Dave Brabo 0-0: Called Strike
0-1: Called Strike
0-2: Ball
1-2: Ball
2-2: Ground out 6-3 (Groundball, 6, EV 88.8 MPH)
Top of the 2nd over - 0 runs, 0 hits, 0 errors, 0 left on base; Spokane 1 - Chicago (NYP) 0
BOTTOM OF THE 2ND
Chicago (NYP) White Sox batting - Pitching for Spokane Indians : LHP Jamie Tanner
Batting: RHB Luwen Storm 0-0: Ball
1-0: Ground out 5-3 (Groundball, 5S, EV 73.1 MPH)
Batting: RHB Ethan McCullough 0-0: Ball
1-0: Called Strike
1-1: Foul Ball, location: 2F
1-2: Strikes out looking
Batting: RHB Yi-lin Niu 0-0: Called Strike
0-1: Ground out 6-3 (Groundball, 6M, EV 100.0 MPH)
Bottom of the 2nd over - 0 runs, 0 hits, 0 errors, 0 left on base; Spokane 1 - Chicago (NYP) 0
TOP OF THE 3RD
Spokane Indians batting - Pitching for Chicago (NYP) White Sox : LHP Bobby Dahlgren
Batting: LHB Caleb Domino 0-0: Called Strike
0-1: Ball
1-1: Called Strike
1-2: Ball
2-2: Foul Ball, location: 2F
2-2: Ball
3-2: Foul Ball, location: 2F
3-2: Strikes out swinging
Batting: RHB Theo van Gent 0-0: Called Strike
0-1: Ground out 5-3 (Groundball, 56S, EV 83.8 MPH)
Batting: RHB Ryan Pastore 0-0: Ball
1-0: Swinging Strike
1-1: Foul Ball, location: 2F
1-2: Strikes out swinging
Top of the 3rd over - 0 runs, 0 hits, 0 errors, 0 left on base; Spokane 1 - Chicago (NYP) 0
BOTTOM OF THE 3RD
Chicago (NYP) White Sox batting - Pitching for Spokane Indians : LHP Jamie Tanner
Batting: RHB Armando Vazquez 0-0: Foul Ball, location: 2F
0-1: Ball
1-1: Ball
2-1: Foul Ball, location: 2F
2-2: Strikes out swinging
Batting: RHB Yorkis Saiki 0-0: Foul Ball, location: 2F
0-1: Ball
1-1: Ball
2-1: Called Strike
2-2: Strikes out swinging
Batting: LHB Steve Roepke 0-0: Ball
1-0: Ball
2-0: Ball
3-0: Called Strike
3-1: Called Strike
3-2: Ground out 4-3 (Groundball, 4S, EV 85.0 MPH)
Bottom of the 3rd over - 0 runs, 0 hits, 0 errors, 0 left on base; Spokane 1 - Chicago (NYP) 0
TOP OF THE 4TH
Spokane Indians batting - Pitching for Chicago (NYP) White Sox : LHP Bobby Dahlgren
Batting: RHB Danny Odom 0-0: Foul Ball, location: 2F
0-1: Ball
1-1: Ball
2-1: Fly out, F9 (Flyball, 89M, EV 96.2 MPH)
Batting: RHB Josh Whitmore 0-0: Foul Ball, location: 2F
0-1: Foul Ball, location: 2F
0-2: Foul Ball, location: 2F
0-2: Strikes out swinging
Batting: RHB Jason Ostrom 0-0: Ball
1-0: Swinging Strike
1-1: Swinging Strike
1-2: Ground out 4-3 (Groundball, 4M, EV 103.1 MPH)
Top of the 4th over - 0 runs, 0 hits, 0 errors, 0 left on base; Spokane 1 - Chicago (NYP) 0
BOTTOM OF THE 4TH
Chicago (NYP) White Sox batting - Pitching for Spokane Indians : LHP Jamie Tanner
Batting: LHB Adam Tarbutton 0-0: Ball
1-0: Swinging Strike
1-1: Ball
2-1: Ball
3-1: Foul Ball, location: 2F
3-2: Strikes out swinging
Batting: RHB Kunimatsu Oya 0-0: Ball
1-0: Called Strike
1-1: Foul Ball, location: 2F
1-2: Ball
2-2: Ball
3-2: Fly out, F9 (Line Drive, 9LM, EV 98.8 MPH)
Batting: RHB Kyle Morse 0-0: Ball
1-0: Ball
2-0: Swinging Strike
2-1: Called Strike
2-2: Ball
3-2: Foul Ball, location: 2F
3-2: Base on Balls
Batting: RHB Luwen Storm 0-0: SINGLE (Groundball, 6D, EV 101.9 MPH)
Kyle Morse to second
Batting: RHB Ethan McCullough 0-0: Ball
1-0: Foul Ball, location: 2F
1-1: Fielders Choice at 2nd, 6-4 (Groundball, 56, EV 87.5 MPH)
Bottom of the 4th over - 0 runs, 1 hit, 0 errors, 2 left on base; Spokane 1 - Chicago (NYP) 0
TOP OF THE 5TH
Spokane Indians batting - Pitching for Chicago (NYP) White Sox : LHP Bobby Dahlgren
Batting: RHB George King 0-0: Foul Ball, location: 2F
0-1: Swinging Strike
0-2: Ball
1-2: Strikes out looking
Batting: RHB Justin Aslinger 0-0: Called Strike
0-1: Ball
1-1: Fly out, F8 (Flyball, 8LS, EV 91.2 MPH)
Batting: RHB Dave Brabo 0-0: Ball
1-0: Ball
2-0: Foul Ball, location: 2F
2-1: Swinging Strike
2-2: Strikes out looking
Top of the 5th over - 0 runs, 0 hits, 0 errors, 0 left on base; Spokane 1 - Chicago (NYP) 0
BOTTOM OF THE 5TH
Chicago (NYP) White Sox batting - Pitching for Spokane Indians : LHP Jamie Tanner
Batting: RHB Yi-lin Niu 0-0: Ball
1-0: Ball
2-0: Ball
3-0: Called Strike
3-1: Swinging Strike
3-2: Foul Ball, location: 2F
3-2: Base on Balls
Batting: RHB Armando Vazquez 0-0: Ball
1-0: Fly out, F2 (Popup, 2LF, EV 91.2 MPH)
Batting: RHB Yorkis Saiki 0-0: Ball
1-0: Called Strike
1-1: Called Strike
1-2: SINGLE (Groundball, 6D, EV 99.4 MPH)
Yi-lin Niu to second
Batting: LHB Steve Roepke 0-0: Ball
Yi-lin Niu steals 3rd base
Yorkis Saiki to second
1-0: Called Strike
1-1: SINGLE (Groundball, 6, EV 98.1 MPH) (infield hit)
Yi-lin Niu scores
Yorkis Saiki to third
Batting: LHB Adam Tarbutton 0-0: Called Strike
0-1: Ball
1-1: Fly out, F7 (Flyball, 78S, EV 81.9 MPH)
Batting: RHB Kunimatsu Oya 0-0: Ball
1-0: Fly out, F8 (Flyball, 78M, EV 88.8 MPH)
Bottom of the 5th over - 1 run, 2 hits, 0 errors, 2 left on base; Spokane 1 - Chicago (NYP) 1
TOP OF THE 6TH
Spokane Indians batting - Pitching for Chicago (NYP) White Sox : LHP Bobby Dahlgren
Batting: LHB Caleb Domino 0-0: Called Strike
0-1: Ball
1-1: Ball
2-1: Ball
3-1: Fly out, F8 (Flyball, 89M, EV 96.2 MPH)
Batting: RHB Theo van Gent 0-0: Ball
1-0: Reached on error, E3 (Groundball, 13, EV 86.9 MPH)
Batting: RHB Ryan Pastore 0-0: Called Strike
0-1: Ball
1-1: Ball
Theo van Gent steals 2nd base
2-1: Called Strike
2-2: Ball
3-2: Strikes out swinging
Batting: RHB Danny Odom 0-0: Called Strike
0-1: Foul Ball, location: 2F
0-2: Ball
1-2: Strikes out swinging
Top of the 6th over - 0 runs, 0 hits, 1 error, 1 left on base; Spokane 1 - Chicago (NYP) 1
BOTTOM OF THE 6TH
Chicago (NYP) White Sox batting - Pitching for Spokane Indians : LHP Jamie Tanner
Batting: RHB Kyle Morse 0-0: Ball
1-0: Swinging Strike
1-1: Swinging Strike
1-2: Foul Ball, location: 2F
1-2: Foul Ball, location: 2F
1-2: DOUBLE (Line Drive, 3D, EV 108.8 MPH)
Batting: RHB Luwen Storm 0-0: Called Strike
0-1: Ball
1-1: Ball
2-1: Swinging Strike
2-2: Ball
3-2: Ground out 6-3 (Groundball, 6, EV 82.5 MPH)
Batting: RHB Ethan McCullough 0-0: Ball
1-0: Ball
2-0: Foul Ball, location: 2F
2-1: Foul Ball, location: 2F
2-2: Hit by Pitch
Pitching: LHP Josh Black
Batting: RHB Yi-lin Niu 0-0: Foul Ball, location: 2F
0-1: Ball
1-1: Foul Ball, location: 2F
1-2: Ball
2-2: Fielders Choice at 2nd, 6-4 (Groundball, 56D, EV 79.4 MPH)
Kyle Morse to third
Batting: RHB Armando Vazquez 0-0: Called Strike
0-1: Ball
Wild Pitch!
Kyle Morse scores
Yi-lin Niu to second
1-1: Foul Ball, location: 2F
1-2: Ball
2-2: Ball
3-2: Base on Balls
Batting: RHB Yorkis Saiki 0-0: Ball
1-0: Foul Ball, location: 2F
1-1: Ball
2-1: Foul Ball, location: 2F
2-2: SINGLE (Line Drive, 6MD, EV 96.9 MPH)
Yi-lin Niu to third
Armando Vazquez to second
Runner from 3rd tries for Home, SAFE, throw by CF to home
Batting: LHB Steve Roepke 0-0: Ball
Passed Ball!
Armando Vazquez to third
Yorkis Saiki to second
1-0: Fly out, F8 (Line Drive, 8RM, EV 93.1 MPH)
Bottom of the 6th over - 2 runs, 2 hits, 0 errors, 2 left on base; Spokane 1 - Chicago (NYP) 3
TOP OF THE 7TH
Spokane Indians batting - Pitching for Chicago (NYP) White Sox : LHP Bobby Dahlgren
Batting: RHB Josh Whitmore 0-0: Called Strike
0-1: Ball
1-1: Foul Ball, location: 2F
1-2: SINGLE (Flyball, 3D, EV 82.5 MPH)
Batting: RHB Jason Ostrom 0-0: Ball
1-0: Foul Ball, location: 2F
1-1: Foul Ball, location: 2F
1-2: Ball
2-2: Ball
3-2: Foul Ball, location: 2F
3-2: Foul Ball, location: 2F
3-2: Base on Balls
Josh Whitmore to second
Batting: RHB George King 0-0: Ball
Wild Pitch!
Josh Whitmore to third
Jason Ostrom to second
1-0: Foul Ball, location: 2F
1-1: Ground out 4-3 (Groundball, 34, EV 90.6 MPH)
Josh Whitmore scores
Jason Ostrom to third
Batting: RHB Justin Aslinger 0-0: Called Strike
0-1: Ball
1-1: Ball
2-1: Swinging Strike
2-2: Ball
3-2: Base on Balls
Batting: RHB Dave Brabo 0-0: Ball
Justin Aslinger steals 2nd base
1-0: SINGLE (Groundball, 4, EV 101.9 MPH) (infield hit)
Jason Ostrom scores
Justin Aslinger to third
Pitching: RHP Mario Arce
Batting: LHB Caleb Domino 0-0: Called Strike
0-1: Called Strike
Dave Brabo steals 2nd base
0-2: Ball
1-2: Ball
2-2: Ball
3-2: Foul Ball, location: 2F
3-2: Foul Ball, location: 2F
3-2: Foul Ball, location: 2F
3-2: DOUBLE (Groundball, 3L, EV 101.2 MPH)
Justin Aslinger scores
Dave Brabo scores
Pinch Hitting: LHB Nick Foutz 0-0: Intentional Walk
Batting: RHB Ryan Pastore 0-0: Called Strike
0-1: Called Strike
0-2: Ball
1-2: Strikes out looking
Batting: RHB Danny Odom 0-0: Called Strike
0-1: Fielders Choice at 2nd, 6-4 (Groundball, 6, EV 79.4 MPH)
Top of the 7th over - 4 runs, 3 hits, 0 errors, 2 left on base; Spokane 5 - Chicago (NYP) 3
BOTTOM OF THE 7TH
Chicago (NYP) White Sox batting - Pitching for Spokane Indians : LHP Josh Black
Now at 1B: Herb Craig
Now at SS: Darnell Jones
Now in LF: Caleb Domino
Now in RF: Jose Baez
Batting: LHB Adam Tarbutton 0-0: Called Strike
0-1: Ball
1-1: Ball
2-1: Called Strike
2-2: Ball
3-2: Base on Balls
Batting: RHB Kunimatsu Oya 0-0: Ball
Adam Tarbutton steals 2nd, throwing error, E2
Adam Tarbutton to third
1-0: Called Strike
1-1: Ball
2-1: Ball
3-1: Base on Balls
Batting: RHB Kyle Morse 0-0: Swinging Strike
0-1: Ball
Kunimatsu Oya is caught stealing 2nd base 2-4
1-1: Called Strike
1-2: Ball
2-2: Strikes out swinging
Batting: RHB Luwen Storm 0-0: Swinging Strike
0-1: Ball
1-1: Swinging Strike
1-2: Ball
2-2: Ball
3-2: Foul Ball, location: 2F
3-2: Ground out 6-3 (Groundball, 6, EV 83.1 MPH)
Bottom of the 7th over - 0 runs, 0 hits, 1 error, 1 left on base; Spokane 5 - Chicago (NYP) 3
TOP OF THE 8TH
Spokane Indians batting - Pitching for Chicago (NYP) White Sox : RHP Mario Arce
Batting: SHB Kaname Fujimoto 0-0: Ball
1-0: DOUBLE (Flyball, 8RXD, EV 91.2 MPH)
Batting: RHB Jason Ostrom 0-0: Ball
1-0: Fly out, F5 (Line Drive, 56, EV 65.0 MPH)
Batting: RHB George King 0-0: Called Strike
0-1: Ball
1-1: Ball
2-1: Ball
3-1: Base on Balls
Pinch Hitting: LHB Gabriel Graves 0-0: Fielders Choice at 2nd, 4-6 (Groundball, 4, EV 87.5 MPH)
Kaname Fujimoto to third
Batting: RHB Darnell Jones 0-0: Ball
1-0: Swinging Strike
1-1: Ball
2-1: SINGLE (Groundball, 15S, EV 74.4 MPH) (infield hit)
Kaname Fujimoto scores
Gabriel Graves to second
Batting: LHB Caleb Domino 0-0: Foul Ball, location: 2F
0-1: Ball
1-1: Hit by Pitch
Gabriel Graves to third
Darnell Jones to second
Pitching: LHP Miguel Moreno
Batting: RHB Herb Craig 0-0: Ball
1-0: Ball
2-0: Ball
3-0: Called Strike
3-1: Base on Balls
Gabriel Graves scores
Darnell Jones to third
Caleb Domino to second
Batting: LHB Jose Baez 0-0: Ball
1-0: Ball
2-0: Swinging Strike
2-1: Ball
3-1: Base on Balls
Darnell Jones scores
Caleb Domino to third
Herb Craig to second
Batting: RHB Danny Odom 0-0: Swinging Strike
0-1: Swinging Strike
0-2: Ball
1-2: Foul Ball, location: 2F
1-2: Foul Ball, location: 2F
1-2: Strikes out swinging
Top of the 8th over - 3 runs, 2 hits, 0 errors, 3 left on base; Spokane 8 - Chicago (NYP) 3
BOTTOM OF THE 8TH
Chicago (NYP) White Sox batting - Pitching for Spokane Indians : LHP Josh Black
Now at 2B: Gabriel Graves
Now at 3B: Luis Arce
Now at SS: Darnell Jones
Batting: RHB Ethan McCullough 0-0: Swinging Strike
0-1: Ball
1-1: Ball
2-1: Ball
3-1: Foul Ball, location: 2F
3-2: Foul Ball, location: 2F
3-2: Strikes out swinging
Batting: RHB Yi-lin Niu 0-0: Ground out 3-1 (Groundball, 34S, EV 82.5 MPH)
Batting: RHB Armando Vazquez 0-0: Ball
1-0: Ball
2-0: Called Strike
2-1: Foul Ball, location: 2F
2-2: Ball
3-2: Foul Ball, location: 2F
3-2: Fly out, F9 (Flyball, 89M, EV 78.1 MPH)
Bottom of the 8th over - 0 runs, 0 hits, 0 errors, 0 left on base; Spokane 8 - Chicago (NYP) 3
TOP OF THE 9TH
Spokane Indians batting - Pitching for Chicago (NYP) White Sox : LHP Miguel Moreno
Batting: SHB Kaname Fujimoto 0-0: Ball
1-0: Ball
2-0: Foul Ball, location: 2F
2-1: Foul Ball, location: 2F
2-2: SINGLE (Groundball, 4MD, EV 93.8 MPH)
Batting: RHB Jason Ostrom 0-0: Ball
1-0: Foul Ball, location: 2F
1-1: Called Strike
1-2: Ball
2-2: Strikes out looking
Batting: RHB Luis Arce 0-0: Ball
1-0: Fielders Choice at 2nd, 6-4 (Groundball, 6, EV 85.6 MPH)
Batting: LHB Gabriel Graves 0-0: Called Strike
0-1: Swinging Strike
0-2: Strikes out swinging
Top of the 9th over - 0 runs, 1 hit, 0 errors, 1 left on base; Spokane 8 - Chicago (NYP) 3
BOTTOM OF THE 9TH
Chicago (NYP) White Sox batting - Pitching for Spokane Indians : LHP Josh Black
Now at 2B: Darnell Jones
Now at SS: Andres Mendiola
Batting: RHB Yorkis Saiki 0-0: Ball
1-0: SOLO HOME RUN (Flyball, 78XD, EV 106.2 MPH), Distance : 427 ft
Batting: LHB Steve Roepke 0-0: Ball
1-0: Fly out, F8 (Flyball, 8LM, EV 87.5 MPH)
Batting: LHB Adam Tarbutton 0-0: Called Strike
0-1: Ball
1-1: Ground out 4-3 (Groundball, 4, EV 91.9 MPH)
Batting: RHB Kunimatsu Oya 0-0: Called Strike
0-1: Ball
1-1: Ball
2-1: Ball
3-1: Foul Ball, location: 2F
3-2: DOUBLE (Line Drive, 9LM, EV 108.8 MPH)
Pitching: RHP Malibok Fflunker
Batting: RHB Kyle Morse 0-0: Ground out 3-1 (Groundball, 34, EV 93.8 MPH)
Bottom of the 9th over - 1 run, 2 hits, 0 errors, 1 left on base; Spokane 8 - Chicago (NYP) 4
Thursday, December 15th , 2022 - OOTP Baseball 23.9 Build 102